AoeStats
← Mahore

Black Forest

509696952Analyzed
3v3 RM · 5d ago on Sep 27, 2026· 49m 2s· 6 players
Game mode
Random Map
Map size
Normal (6 player)
Population
200
Speed
Normal
Resources
Standard
Victory
Conquest
Starting age
Dark Age
Ending age
Imperial Age
RankedLock teamsTeams togetherTeam positionsShared explorationLock speedFull tech treeHidden civsTurbo modeCheats
Victory
Defeat
🇷🇺 Saracens · Russia
1280
+18
🇮🇹 Koreans · Italy
1279
+18
🇨🇴 Bulgarians · Colombia
1276
+20
🇸🇪 Mongols · Sweden
1352
-19
🇸🇪 Malians · Sweden
1334
-19
🇸🇪 Cumans · Sweden
1315
-18
bindella
1:42 Loom
11:22 Feudal Age
12:22 Horse Collar
12:29 Double-Bit Axe
14:41 Fletching
14:49 Town Watch
18:15 Wheelbarrow
22:34 Castle Age
23:11 Bodkin Arrow
29:00 Heavy Plow
28:59 Gold Mining
30:51 Bow Saw
35:58 Imperial Age
34:12 Ballistics
34:27 Hand Cart
35:01 Gold Shaft Mining
34:51 Scale Mail Armor
35:02 Forging
35:08 Murder Holes
36:31 Chain Mail Armor
36:51 Iron Casting
36:18 Squires
36:03 Arson
36:52 Bracer
38:06 Chemistry
37:14 Stone Mining
38:21 Siege Engineers
39:31 Plate Mail Armor
39:31 Pikeman
39:32 Elite Fire Lancer
40:22 Halberdier
41:58 Stone Shaft Mining
43:18 Guilds
43:38 Coinage
43:09 Caravan
44:23 Shinkichon
46:13 Two-Man Saw
44:54 Heavy Rocket Cart
47:03 Conscription
Mahore
7:19 Loom
9:46 Feudal Age
18:59 Castle Age
17:24 Double-Bit Axe
17:23 Horse Collar
22:12 Fletching
22:23 Padded Archer Armor
35:21 Elite Skirmisher
38:02 Leather Archer Armor
39:51 Bodkin Arrow
40:10 Thumb Ring
41:05 Wheelbarrow
40:43 Bow Saw
43:43 Ballistics
45:06 Gold Mining
45:54 Forging
45:53 Scale Mail Armor
45:52 Pikeman
50:38 Imperial Age
49:39 Hand Cart
Pandareeen
9:08 Loom
11:50 Feudal Age
15:56 Castle Age
13:47 Horse Collar
13:56 Double-Bit Axe
14:30 Gold Mining
18:53 Bow Saw
19:13 Stone Mining
22:15 Wheelbarrow
22:42 Town Watch
24:17 Bimaristan
24:36 Heavy Plow
27:05 Hand Cart
27:07 Scale Barding Armor
27:13 Forging
29:09 Bloodlines
29:01 Husbandry
29:52 Ballistics
29:47 Town Patrol
34:27 Gold Shaft Mining
34:35 Chain Barding Armor
34:50 Iron Casting
38:34 Imperial Age
35:56 Fletching
36:08 Padded Archer Armor
37:57 Bodkin Arrow
39:05 Leather Archer Armor
38:44 Capped Ram
39:38 Heavy Camel Rider
40:57 Plate Barding Armor
41:23 Blast Furnace
41:37 Caravan
42:58 Bracer
44:50 Ring Archer Armor
45:58 Siege Engineers
46:40 Light Cavalry
48:11 Hussar
HELGE!!!!!!!!!!!
9:19 Loom
12:42 Feudal Age
17:21 Castle Age
15:26 Double-Bit Axe
18:17 Bow Saw
34:57 Scale Mail Armor
40:00 Imperial Age
37:48 Husbandry
41:19 Elite Gbeto
41:28 Elite Gbeto
41:47 Heavy Camel Rider
42:48 Chain Mail Armor
47:07 Elite Skirmisher
47:49 Crossbowman
48:35 Thumb Ring
48:34 Fletching
48:46 Arbalester
49:26 Bodkin Arrow
Kent-Agent
0:38 Loom
12:52 Feudal Age
14:09 Fletching
14:23 Double-Bit Axe
14:35 Horse Collar
15:03 Padded Archer Armor
20:50 Castle Age
21:02 Wheelbarrow
20:21 Stone Mining
22:30 Bodkin Arrow
29:10 Bow Saw
30:06 Leather Archer Armor
29:50 Gold Mining
31:45 Stone Shaft Mining
31:13 Heavy Plow
32:06 Gold Shaft Mining
37:12 Imperial Age
37:04 Ballistics
37:14 Elite Mangudai
38:28 Bracer
41:53 Parthian Tactics
41:33 Thumb Ring
42:23 Bloodlines
42:14 Husbandry
43:19 Hand Cart
44:09 Chemistry
44:01 Conscription
Kaos1000
10:22 Feudal Age
10:59 Double-Bit Axe
19:06 Castle Age
18:02 Horse Collar
21:26 Loom
22:37 Bow Saw
22:30 Heavy Plow
24:11 Bloodlines
24:18 Gold Mining
25:03 Scale Barding Armor
25:08 Forging
31:43 Town Watch
32:33 Wheelbarrow
33:19 Steppe Husbandry
36:17 Imperial Age
34:51 Gold Shaft Mining
36:30 Chain Barding Armor
36:47 Iron Casting
37:51 Caravan
41:23 Conscription
40:59 Cavalier
42:16 Plate Barding Armor
42:43 Blast Furnace
44:24 Elite Steppe Lancer
Connection lost

Rejoining the realm…

Still unreachable

The connection could not be restored.

Session expired

The server has moved on; the page needs a fresh start.